 Dungeon Crawl Stone Soup version 0.19.3-1-g3169bf9 (webtiles) character file.

9433 dngmouse the Cruncher (level 11, 0/90 HPs)
             Began as a Formicid Fighter on Jan 26, 2017.
             Was a Priest of Okawaru.
             Succumbed to a killer bee's poison
             ... on level 8 of the Dungeon.
             The game lasted 00:42:36 (15189 turns).

dngmouse the Cruncher (Formicid Fighter)           Turns: 15189, Time: 00:42:37

Health: 0/90       AC: 12    Str: 22    XL:     11   Next: 74%
Magic:  13/14      EV:  8    Int:  7    God:    Okawaru [***...]
Gold:   306        SH:  5    Dex: 13    Spells: 0 memorised, 10 levels left

rFire  + + .     SeeInvis +     a - +0 quarterstaff
rCold  . . .     Gourm    .     A - +3 chain mail {rF+}
rNeg   . . .     Faith    .     m - +0 buckler
rPois  .         Spirit   .     (helmet unavailable)
rElec  .         Reflect  .     (no cloak)
rCorr  .         Harm     .     (no gloves)
MR     +....                    (no boots)
Stlth  ..........               (no amulet)
                                (no ring)
                                x - ring of protection from fire

@: lethally poisoned (0 -> -22), starving
A: permanent stasis, dig shafts and tunnels, four strong arms, antennae 3
a: Dig, Shaft Self, Heroism, Renounce Religion


You were on level 8 of the Dungeon.
You worshipped Okawaru.
Okawaru was most pleased with you.
You were starving.

You visited 2 branches of the dungeon, and saw 10 of its levels.

You collected 529 gold pieces.
You spent 223 gold pieces at shops.

Inventory:

Hand Weapons
 a - a +0 quarterstaff (weapon)
Armour
 c - a +0 shield
 m - a +0 buckler (worn)
 A - a +3 chain mail of fire resistance (worn)
Jewellery
 x - a ring of protection from fire (left hand)
Wands
 e - a wand of iceblast (4/15)
 g - a wand of confusion (30/48)
 D - a wand of lightning (1/15)
Scrolls
 b - a scroll of amnesia {unknown}
 i - a scroll of blinking {unknown}
 l - 2 scrolls of enchant weapon {unknown}
 n - 2 scrolls of enchant armour {unknown}
 p - 2 scrolls of fog {unknown}
 q - 2 scrolls of noise {unknown}
 r - 3 scrolls of teleportation {unknown}
 t - 2 scrolls of recharging {unknown}
 u - 6 scrolls of identify
 v - a scroll of immolation {unknown}
 y - 5 scrolls of remove curse {unknown}
 z - 2 scrolls of random uselessness {unknown}
Potions
 o - 3 potions of flight
Books
 w - Sif Muna's Papyrus of Clay
   (You found it on level 3 of the Dungeon)

   Spells                             Type                      Level
   a - Sandblast                      Earth                        1
 E - a book of Air

   Spells                             Type                      Level
   a - Shock                          Conjuration/Air              1
   b - Swiftness                      Charms/Air                   2
   c - Repel Missiles                 Charms/Air                   2
   d - Static Discharge               Conjuration/Air              3
   e - Lightning Bolt                 Conjuration/Air              5
Comestibles
 d - a slice of pizza
 f - 3 bread rations
 h - 3 beef jerkies
 j - 3 meat rations
 k - 9 fruits
 s - a royal jelly


   Skills:
 * Level 10.0 Fighting
 - Level 14.1 Staves
 + Level 4.4 Armour
 - Level 3.6 Shields
 * Level 4.3 Invocations


You had 10 spell levels left.
You didn't know any spells.

Dungeon Overview and Level Annotations

Branches:
Dungeon (9/15)             Temple (1/1) D:5
   Lair: D:8-11         Orc: D:9-12

Altars:
Ashenzari
Cheibriados
Dithmenos
Elyvilon
Fedhas
Gozag
Hepliaklqana
Kikubaaqudgha
Makhleb
Nemelex Xobeh
Okawaru
Qazlal
Ru
Sif Muna
Trog
Uskayaw
Vehumet
Xom
Yredelemnul
Zin
The Shining One

Shops:
D:6 =(*}


Innate Abilities, Weirdness & Mutations

You are under a permanent stasis effect.
You can dig through walls and to a lower floor.
Your four strong arms can wield two-handed weapons with a shield.
You have a pair of large antennae on your head. (SInv)


Message History

You sock the killer bee!
You kill the killer bee!
Okawaru accepts your kill.
* * * LOW HITPOINT WARNING * * *
You feel sick. The killer bee stings you.
* * * LOW HITPOINT WARNING * * *
You are more poisoned.
The killer bee poisons you!
You miss the killer bee.
* * * LOW HITPOINT WARNING * * *
You feel sick. You block the killer bee's attack.
You miss the killer bee.
* * * LOW HITPOINT WARNING * * *
You feel sick. You block the killer bee's attack.
You closely miss the killer bee.
* * * LOW HITPOINT WARNING * * *
You feel sick.
The killer bee stings you but does no damage.
You miss the killer bee.
You die...

............#
#.########..#
.##########.###.# #..#
.#########......######
#..#
.<...................#
#..#
.##.####.........###.#
#..# ###>#
##...###..###.###..# #†#
#.....##...........#
#.####.###.##.###...#...#
#......# #.##.@y..>.....#
######.###.######...#..###
#.............##....##
##.#....########.##..##
#.#.##.# #..#...##
#.#.##.# #.###...###
#.#.##.# #.#_#......
#.#.##.## ###.##..###
#.#.#...########...#.##


You could see a killer bee.

Vanquished Creatures
  The ghost of bosm the Quickloader, a novice DsWn of Makhleb (D:7)
  A manticore (D:7)
  6 polar bears
  A dream sheep (D:7)
  A hornet (D:8)
  A two-headed ogre (D:8)
  Prince Ribbit (D:6)
  A hippogriff (D:7)
  2 yaks (D:7)
  Sigmund (D:3)
  The ghost of Vojta the Covert, an amateur SpAs (D:4)
  A hungry ghost (D:8)
  Edmund (D:6)
  3 water moccasins
  3 orc warriors
  3 ice beasts
  4 phantoms
  8 ogres
  3 black bears (D:7)
  3 eyes of draining
  A centaur (D:9)
  Blork the orc (D:5)
  4 bullfrogs
  4 scorpions
  12 killer bees (D:8)
  A howler monkey (D:7)
  9 wights
  3 crimson imps
  A bullfrog zombie (D:7)
  9 hounds
  2 jellies
  7 orc priests
  A hell rat (D:8)
  3 iguanas
  11 orc wizards
  7 worker ants
  A killer bee zombie (D:6)
  2 hound skeletons
  12 gnolls
  14 adders
  2 shadow imps (D:6)
  3 oozes
  An adder skeleton (D:7)
  An adder zombie (D:5)
  4 worms
  3 leopard geckos
  33 orcs
  10 giant cockroaches
  5 hobgoblins
  4 jackals
  3 quokkas
  2 ball pythons (D:3)
  8 bats
  4 frilled lizards
  12 goblins
  A jackal skeleton (D:4)
  7 kobolds
  2 leopard gecko skeletons
  A quokka skeleton (D:5)
  A quokka zombie (D:8)
  8 rats
266 creatures vanquished.

Notes
Turn   | Place    | Note
-------+----------+-------------------------------------------
     0 | D:1      | dngmouse the Formicid Fighter began the quest for the Orb.
     0 | D:1      | Reached XP level 1. HP: 18/18 MP: 1/1
   116 | D:1      | Reached XP level 2. HP: 13/24 MP: 2/2
   317 | D:1      | Reached skill level 3 in Staves
   317 | D:1      | Reached XP level 3. HP: 29/29 MP: 3/3
   537 | D:2      | Found a burning altar of Makhleb.
   868 | D:2      | Reached XP level 4. HP: 37/37 MP: 4/4
  1110 | D:3      | Reached skill level 4 in Staves
  1134 | D:3      | Reached XP level 5. HP: 36/42 MP: 5/5
  1390 | D:3      | Found a deep blue altar of Sif Muna.
  1657 | D:3      | Identified Sif Muna's Papyrus of Clay
  1707 | D:3      | Noticed Sigmund
  1713 | D:3      | Gained mutation: You are dopey. (Int -2) [potion of mutation]
  1713 | D:3      | Gained mutation: Your muscles are strong. (Str +2) [potion of mutation]
  1730 | D:3      | Killed Sigmund
  1730 | D:3      | Reached skill level 5 in Staves
  1730 | D:3      | Reached XP level 6. HP: 19/50 MP: 6/6
  1954 | D:3      | Reached skill level 5 in Fighting
  2070 | D:3      | Reached XP level 7. HP: 50/56 MP: 7/7
  2082 | D:3      | Reached skill level 6 in Staves
  2167 | D:4      | Noticed Vojta's ghost (amateur SpAs)
  2922 | D:4      | Reached skill level 7 in Staves
  3534 | D:4      | Reached XP level 8. HP: 56/62 MP: 8/8
  3590 | D:4      | Found a blossoming altar of Fedhas.
  3633 | D:4      | Reached skill level 8 in Staves
  4841 | D:4      | Killed Vojta's ghost
  4841 | D:4      | Reached skill level 9 in Staves
  5126 | D:5      | Entered Level 5 of the Dungeon
  5143 | D:5      | Found a staircase to the Ecumenical Temple.
  5152 | Temple   | Entered the Ecumenical Temple
  5585 | D:5      | Noticed Blork the orc
  5592 | D:5      | Killed Blork the orc
  5722 | D:5      | HP: 2/62 [ogre/giant club (21)]
  6456 | D:5      | Reached skill level 10 in Staves
  6456 | D:5      | Reached XP level 9. HP: 68/68 MP: 9/9
  7297 | D:6      | Found Kiremife's Gadget Shoppe.
  7336 | D:6      | Found Kusaid's Assorted Antiques.
  7339 | D:6      | Bought a scroll labeled GEDELY JUSHISAFE for 29 gold pieces
  7339 | D:6      | Bought 2 smoky emerald potions for 52 gold pieces
  7339 | D:6      | Bought a scroll labeled FUCWIRROMIV for 29 gold pieces
  7339 | D:6      | Bought a scroll labeled FUCWIRROMIV for 29 gold pieces
  7339 | D:6      | Bought a scroll labeled MAXIRAE OWIYM for 29 gold pieces
  7339 | D:6      | Bought a scroll labeled QALORH PUKHLEF for 29 gold pieces
  7339 | D:6      | Bought a metallic grey potion for 26 gold pieces
  7341 | D:6      | Lost mutation: You are dopey. (Int -2) [potion of cure mutation]
  7341 | D:6      | Lost mutation: Your muscles are strong. (Str +2) [potion of cure mutation]
  7377 | D:6      | Reached skill level 11 in Staves
  7434 | D:6      | Found a shattered altar of Ashenzari.
  8186 | D:6      | Reached skill level 12 in Staves
  8286 | D:6      | Found a bloodstained altar of Trog.
  8407 | D:6      | Found Tul Emil's Jewellery Emporium.
  8440 | D:6      | Reached XP level 10. HP: 62/74 MP: 10/10
  8468 | D:6      | Found a glowing golden altar of the Shining One.
  8819 | D:6      | Found Veradug's Weapon Emporium.
  8987 | D:6      | Noticed Prince Ribbit
  9003 | D:6      | Killed Prince Ribbit
  9070 | D:6      | Reached skill level 13 in Staves
  9072 | D:6      | Noticed Edmund
  9100 | D:6      | Killed Edmund
  9381 | D:6      | Found a sacrificial altar of Ru.
  9554 | D:7      | Found a huge runed gate.
  9554 | D:7      | Found a huge runed gate.
  9554 | D:7      | Found a huge runed gate.
  9554 | D:7      | Found a huge runed gate.
  9555 | D:7      | Noticed a manticore
 10123 | D:7      | Noticed bosm's ghost (novice DsWn)
 10172 | D:7      | Killed bosm's ghost
 10505 | D:7      | Found an iron altar of Okawaru.
 10513 | D:7      | Became a worshipper of Warmaster Okawaru
 11524 | D:8      | Reached * piety under Okawaru
 11672 | D:8      | Reached XP level 11. HP: 84/84 MP: 11/11
 11732 | D:8      | Found a basalt altar of Yredelemnul.
 11743 | D:8      | Found a hide-covered altar of Uskayaw.
 11747 | D:8      | Found an opulent altar of Gozag.
 12178 | D:7      | Reached skill level 14 in Staves
 12190 | D:6      | HP: 3/87 [polar bear (14)]
 12220 | D:6      | HP: 2/87 [polar bear (3)]
 12652 | D:7      | Killed a manticore
 12652 | D:7      | Reached ** piety under Okawaru
 12960 | D:7      | Reached skill level 1 in Invocations
 14160 | D:8      | Reached skill level 10 in Fighting
 14182 | D:8      | HP: 4/90 [poisoned by a killer bee]
 14189 | D:8      | HP: 3/90 [poisoned by a killer bee]
 14196 | D:8      | HP: 3/90 [poisoned by a killer bee]
 14204 | D:8      | HP: 3/90 [poisoned by a killer bee]
 15135 | D:9      | Reached *** piety under Okawaru
 15186 | D:8      | HP: 3/90 [poisoned by a killer bee]
 15188 | D:8      | HP: 1/90 [poisoned by a killer bee]
 15189 | D:8      | Succumbed to a killer bee's poison

Skill      XL: |  1  2  3  4  5  6  7  8  9 10 11 |
---------------+----------------------------------+-----
Staves         | 3 4 5 7 10 12 13 14 | 14.1
Fighting       | 4 5 7 10 | 10.0
Invocations    | 4 |  4.3
Armour         | 4 |  4.4
Shields        | |  3.6

Action                   |  1- 3 |  4- 6 |  7- 9 | 10-12 || total
-------------------------+-------+-------+-------+-------++-------
Melee: Quarterstaff      |    86 |   138 |   875 |   672 ||  1771
Invok: Heroism           |       |       |       |     4 ||     4
 Abil: Dig               |       |     3 |       |       ||     3
Evoke: Wand              |       |       |       |     3 ||     3
  Use: Potion            |       |     7 |     4 |     4 ||    15
       Scroll            |       |       |     1 |     1 ||     2
 Stab: Invisible         |       |       |       |     2 ||     2
  Eat: Chunk             |       |     5 |    21 |    21 ||    47
       Fruit             |       |       |       |     1 ||     1
Armor: Scale mail        |    19 |       |       |       ||    19
       Chain mail        |    24 |    75 |   426 |   298 ||   823
Dodge: Dodged            |    20 |    30 |   149 |   184 ||   383
Block: Shield            |    60 |    64 |   230 |       ||   354
       Buckler           |       |       |    41 |   129 ||   170
